 Dungeon Crawl Stone Soup version 0.27-a0-1090-gb115f176c6 (webtiles) character file.

Game seed: 2386680713353353271

316314 HendSelp the Conqueror (level 21, 0/336 HPs)
             Began as a Merfolk Gladiator on Apr 27, 2021.
             Was the Champion of Qazlal.
             Slain by a vault guard
             ... wielding a +3 war axe of flaming
              (2 damage)
             ... on level 1 of the Vaults.
             The game lasted 01:09:02 (44400 turns).

HendSelp the Conqueror (Merfolk Gladiator)         Turns: 44400, Time: 01:09:03

Health: 0/336      AC: 36    Str: 30    XL:     21   Next: 40%
Magic:  21/21      EV: 14    Int:  7    God:    Qazlal [******]
Gold:   2784       SH:  8    Dex: 16    Spells: 20/20 levels left

rFire    + + +     SeeInvis +   A - +7 bardiche "Uxtosaf" {drain, rF++}
rCold    . . .     Faith    .   (shield currently unavailable)
rNeg     + . .     Spirit   .   h - +3 plate armour {rPois}
rPois    +         Reflect  .   k - +2 helmet {SInv}
rElec    .         Harm     .   x - +2 cloak
rCorr    .         Rampage  +   t - +3 pair of gloves of the Swan {+Blink Stlth+}
Will     ++++.     Clarity  +   a - +2 pair of boots {rampage}
Stlth    ..........             v - amulet of the Four Winds {rN+ Will+++ Clar}
HPRegen  0.66/turn              N - ring of protection from fire
MPRegen  0.17/turn              L - +6 ring of strength

@: berserking (expiring), protected from physical damage, unable to read,
studying Earth Magic, repel missiles, very quick
A: (nimble swimmer 2), mertail, sense surroundings 1, robust 1, inability to
read while threatened
}: 2/15 runes: decaying, serpentine
a: Renounce Religion, Evoke Blink, Upheaval, Elemental Force, Disaster Area


You were on level 1 of the Vaults.
You worshipped Qazlal.
Qazlal was exalted by your worship.
You visited 8 branches of the dungeon, and saw 34 of its levels.
You also visited: Bailey, Gauntlet and Volcano.

You collected 3064 gold pieces.
You spent 280 gold pieces at shops.

Inventory:

Hand Weapons
 A - the +7 bardiche "Uxtosaf" (weapon) {drain, rF++}
   (You acquired it on level 8 of the Dungeon)

   A truly terrible weapon, it drains the life of those it strikes.
   It greatly protects you from fire.
 K - the +8 demon trident "Rift" {distort, reach+}
   (You found it on level 12 of the Dungeon)

   It warps and distorts space around it.
   Unwielding it can cause banishment or high damage.
Missiles
 F - 2 throwing nets (quivered)
 Z - 6 atropa-tipped darts
Armour
 a - a +2 pair of boots of rampaging (worn)
 h - a +3 plate armour of poison resistance (worn)
 k - a +2 helmet of see invisible (worn)
 t - the +3 pair of gloves of the Swan (worn) {+Blink Stlth+}
   (You found it on level 9 of the Dungeon)

   It lets you blink.
   It makes you more stealthy.
 x - a +2 cloak (worn)
 y - a +1 plate armour of fire resistance
Jewellery
 d - a +4 ring of evasion
 u - an amulet of regeneration
 v - the amulet of the Four Winds (around neck) {rN+ Will+++ Clar}
   (You found it on level 14 of the Dungeon)

   [amulet of nothing]

   It protects you from negative energy.
   It protects you against confusion.
   It greatly increases your willpower.
 w - a ring of flight
 C - a ring of willpower
 J - a ring of resist corrosion
 L - a +6 ring of strength (right hand)
 N - a ring of protection from fire (left hand)
 O - a ring of poison resistance
Wands
 b - a wand of mindburst (33)
 c - a wand of polymorph (26)
 i - a wand of iceblast (10)
 n - a wand of charming (31)
 r - a wand of digging (9)
 M - a wand of paralysis (17)
 Q - a wand of flame (69)
 T - a wand of acid (14)
Scrolls
 f - 8 scrolls of teleportation
 j - 4 scrolls of identify
 p - 6 scrolls of magic mapping
 B - 2 scrolls of silence
 E - a scroll of holy word
 H - a scroll of enchant weapon
 P - 2 scrolls of fear
 S - 3 scrolls of fog
 U - 3 scrolls of amnesia
 V - 3 scrolls of summoning
Potions
 e - 13 potions of curing
 g - 2 potions of magic
 l - a potion of ambrosia
 m - 5 potions of resistance
 o - 2 potions of invisibility
 q - 7 potions of haste
 s - 5 potions of might
 D - 2 potions of cancellation
 G - a potion of brilliance
 X - 3 potions of berserk rage
Miscellaneous
 z - a phial of floods
 I - a condenser vane
 R - a lightning rod (4/4)
 W - a box of beasts
 Y - a tin of tremorstones (2/2)


   Skills:
 O Level 27 Fighting
 - Level 26.8 Polearms
 - Level 2.0 Throwing
 + Level 11.1 Armour
 * Level 12.1 Dodging


You had 20 spell levels left.
You didn't know any spells.
Your spell library contained the following spells:

 Spells                   Type           Power      Damage    Failure   Level
 Animate Skeleton         Necr           0%         N/A       97%         1
 Apportation              Tloc           0%         N/A       97%         1
 Beastly Appendage        Tmut           0%         N/A       97%         1
 Corona                   Hex            0%         N/A       97%         1
 Foxfire                  Conj/Fire      0%         2x1d4     97%         1
 Freeze                   Ice            0%         1d3       97%         1
 Pain                     Necr           0%         1d4       97%         1
 Sandblast                Erth           0%         2d4       97%         1
 Shock                    Conj/Air       0%         1d3       97%         1
 Summon Small Mammal      Summ           0%         N/A       97%         1
 Corpse Rot               Necr/Air       N/A        N/A       99%         2
 Ensorcelled Hibernation  Hex/Ice        0%         N/A       99%         2
 Static Discharge         Conj/Air       0%         N/A       99%         2
 Confusing Touch          Hex            0%         N/A       100%        3
 Dazzling Flash           Conj/Hex       0%         N/A       100%        3
 Frozen Ramparts          Ice            0%         1d2       100%        3
 Gell's Gravitas          Tloc           0%         N/A       100%        3
 Ignite Poison            Fire/Tmut/Pois 0%         N/A       100%        3
 Ozocubu's Armour         Ice            0%         N/A       100%        3
 Stone Arrow              Conj/Erth      0%         3d7       100%        3
 Summon Guardian Golem    Hex/Summ       0%         N/A       100%        3
 Swiftness                Air            0%         N/A       100%        3
 Teleport Other           Tloc           0%         N/A       100%        3
 Tukima's Dance           Hex            0%         N/A       100%        3
 Vampiric Draining        Necr           0%         2d6       100%        3
 Airstrike                Air            0%         N/A       100%        4
 Animate Armour           Summ/Erth      0%         N/A       100%        4
 Animate Dead             Necr           0%         N/A       100%        4
 Hailstorm                Conj/Ice       0%         3d3       100%        4
 Iskenderun's Mystic Bla  Conj/Tloc      0%         2d3       100%        4
 Leda's Liquefaction      Hex/Erth       0%         N/A       100%        4
 Petrify                  Tmut/Erth      0%         N/A       100%        4
 Sticky Flame             Conj/Fire      0%         2d3       100%        4
 Agony                    Necr           0%         N/A       100%        5
 Bolt of Magma            Conj/Fire/Erth 0%         4d4       100%        5
 Borgnjor's Vile Clutch   Necr/Erth      0%         N/A       100%        5
 Fireball                 Conj/Fire      0%         3d3       100%        5
 Hydra Form               Tmut           0%         N/A       100%        5
 Lightning Bolt           Conj/Air       0%         1d11      100%        5
 Metabolic Englaciation   Hex/Ice        0%         N/A       100%        5
 Silence                  Hex/Air        0%         N/A       100%        5
 Summon Forest            Summ/Tloc      0%         N/A       100%        5
 Yara's Violent Unravell  Hex/Tmut       0%         3d3       100%        5
 Eringya's Noxious Bog    Tmut/Pois      0%         N/A       100%        6
 Iron Shot                Conj/Erth      0%         9d1       100%        6
 Shadow Creatures         Summ           N/A        N/A       100%        6
 Starburst                Conj/Fire      0%         8x6d3     100%        6
 Statue Form              Tmut/Erth      0%         N/A       100%        6
 Summon Hydra             Summ           0%         N/A       100%        7
 Disjunction              Tloc           0%         N/A       100%        8
 Shatter                  Erth           0%         3d5*      100%        9


Dungeon Overview and Level Annotations

Branches:
Dungeon (15/15)            Temple (1/1) D:4            Lair (6/6) D:11
  Swamp (4/4) Lair:3        Snake (4/4) Lair:2        Slime (1/5) Lair:6
    Orc (2/2) D:11            Elf (0/3) Orc:2        Vaults (1/5) D:14
 Depths (0/5) D:15         Bailey (visited)         Volcano (visited)
Gauntlet (visited)

Altars:
Ashenzari
Cheibriados
Dithmenos
Elyvilon
Fedhas
Gozag
Hepliaklqana
Kikubaaqudgha
Makhleb
Nemelex Xobeh
Okawaru
Qazlal
Ru
Sif Muna
Trog
Uskayaw
Vehumet
Wu Jian
Xom
Yredelemnul
Zin
The Shining One
Beogh
Lugonu

Shops:
D:2 *   D:13 (   Orc:1 (*((   Orc:2 [*:(*([(

Annotations:
D:6 3 runed translucent doors, Pooter's ghost, novice HOFi
Lair:6 2 transporters, exclusion: oklob plant, Piucetak's ghost, journeyman DrEE; shoop's ghost, journeyman BaHu
Orc:2 3 runed translucent doors, cobaltphoenix's ghost, journeyman MiGl; leviel's ghost, journeyman GrFi


Innate Abilities, Weirdness & Mutations

((You are quick and stealthy near water. (Stealth+, EV+, Speed+++)))
Your lower body shifts to a powerful aquatic tail in water.
You passively map a small area around you.
You are robust. (+10% HP)
You sometimes lose the ability to read scrolls when taking damage.


Message History

The vault guard is engulfed in blazing flames.
The vault guard hits you but does no damage.
Unknown command.
Unknown command.
Unknown command.
Unknown command.
You bump into the stone wall.
You feel a strong urge to attack something.
You feel less invigorated.
You feel less confused. The vault guard barely misses you.
The ironbound beastmaster hits you with a +0 whip!
* * * LOW HITPOINT WARNING * * *
You feel more protected from physical attacks.
Unknown command.
Unknown command.
Unknown command.
You slice the vault guard!!
You kill the vault guard!
Qazlal accepts your kill. The ironbound convoker misses you.
The vault guard is engulfed in freezing vapours.
The vault guard closely misses you.
The ironbound beastmaster hits you with a +0 whip!
* * * LOW HITPOINT WARNING * * *
Unknown command.
Unknown command.
Unknown command.
Unknown command.
Unknown command.
You miss the ironbound beastmaster.
The ironbound beastmaster is almost dead.
Unknown command.
You miss the ironbound beastmaster.
The ironbound beastmaster is almost dead.
The ironbound convoker points at the vault guard and mumbles some strange words.
The vault guard seems to grow stronger.
The vault guard is engulfed in freezing vapours.
The vault guard hits you with a +3 war axe of flaming.
You die...

* * #......(....# +
#...........# *, +
############# ,* #* * *
# * #
########################
* **
..............☼p@)°.....
, ,
...............p)p......
, ,
...............°§§......
,,
........................
, , ,
##############+#####+###
# , ... * , # .... , #
.... , # * ,


You could see a vault guard (strong), an ironbound beastmaster and an ironbound
convoker.

Vanquished Creatures
  Bai Suzhen (Swamp:2)
  Vashnia (Snake:3)
  Nikola (Snake:2)
  An acid blob (Lair:6)
  Gastronok (D:12)
  Frances (D:12)
  A sphinx (D:15)
  Agnes (Snake:1)
  Donald (Snake:3)
  A rockslime (Slime:1)
  An azure jelly (Slime:1)
  A fenstrider witch (Swamp:2)
  8 nagarajas
  A fire giant (D:13)
  An orc warlord (Orc:1)
  Aizul (Snake:3)
  Louise (D:15)
  4 vault wardens (Vaults:1)
  5 very ugly things
  2 ironbound preservers (Vaults:1)
  2 green draconians (Swamp:3)
  6 dire elephants (Lair:6)
  A deep elf annihilator (D:14)
  A minotaur (Gauntlet)
  5 bunyips
  4 eleionomae
  2 green deaths (Swamp:4)
  4 fire dragons
  An ettin (D:14)
  Josephine (D:10)
  2 great orbs of eyes
  A shambling mangrove (Swamp:2)
  12 naga warriors
  4 salamander tyrants (Snake:4)
  Fannar (D:11)
  A catoblepas (Lair:5)
  5 vault guards
  2 yaktaur captains (Vaults:1)
  2 ghost crabs
  8 boulder beetles
  2 ironbound thunderhulks (Vaults:1)
  Harold (D:10)
  2 hell beasts (Swamp:4)
  5 ironbound frosthearts (Vaults:1)
  2 ogre magi (D:14)
  Erolcha (D:13)
  10 centaur warriors
  2 two-headed ogres
  11 anacondas
  20 hydras
  10 alligators
  8 death yaks
  2 tengu warriors
  2 thrashing horrors
  4 orc high priests
  4 shock serpents
  13 naga sharpshooters
  8 salamander mystics
  A skeletal warrior (D:15)
  A fire crab (Lair:4)
  4 goliath frogs
  12 bog bodies
  A death drake (Swamp:3)
  4 sea snakes (Snake:4)
  13 swamp dragons
  A glowing orange brain (D:12)
  4 spriggan druids
  8 deep trolls (Vaults:1)
  2 wizards
  10 naga ritualists
  4 ironbound convokers (Vaults:1)
  4 orc knights
  4 necromancers
  2 wolf spider zombies (D:7)
  2 deep elf pyromancers (D:14)
  19 mana vipers
  14 ugly things
  4 orc sorcerers
  3 oklob plants (Lair:6)
  8 cyclopes
  A shining eye (Lair:6)
  2 manticores
  27 salamanders
  5 will-o-the-wisps
  10 elephants
  39 black mambas
  A black mamba (shapeshifter) (D:14)
  4 orange demons
  7 guardian serpents
  15 naga magi
  15 cane toads
  3 vault sentinels (Vaults:1)
  A gargoyle (D:13)
  A centaur skeleton (D:7)
  2 efreet
  9 yaktaurs
  An unseen horror (D:12)
  A freezing wraith (D:11)
  10 komodo dragons
  Psyche (D:9)
  3 torpor snails
  14 rime drakes
  4 demonic crawlers (D:12)
  2 hellwings (D:6)
  3 kobold demonologists (D:10)
  2 tengu conjurers (D:14)
  10 trolls
  A troll (shapeshifter) (D:13)
  10 hornets
  A hornet (shapeshifter) (D:14)
  3 polar bears
  A large abomination (Swamp:4)
  22 blink frogs
  3 tyrant leeches
  24 slime creatures
  4 dream sheep (Lair:6)
  A sphinx simulacrum (Vaults:1)
  A meliai zombie (D:7)
  6 spriggans
  5 vampires
  A shadow (D:12)
  An elf zombie (Vaults:1)
  8 wraiths
  6 wyverns
  26 yaks
  8 basilisks
  2 chaos spawn (Gauntlet)
  2 fire bats (Volcano)
  5 golden eyes
  A yak (shapeshifter) (D:14)
  20 humans (D:14)
  Grum (D:8)
  6 steam dragons (Lair:6)
  4 wargs
  A neqoxec (Gauntlet)
  60 nagas
  12 vampire mosquitoes
  5 acid dragons
  A human simulacrum (Vaults:1)
  An ogre skeleton (Vaults:1)
  15 swamp worms
  21 water moccasins
  2 hell hounds (Volcano)
  6 swamp drakes
  A floating eye (shapeshifter) (D:15)
  A floating eye (D:12)
  45 orc warriors
  3 ice beasts
  2 black bears
  4 sky beasts
  18 wolves
  8 ogres
  4 centaurs
  2 phantoms (D:5)
  Blork the orc (D:4)
  17 bullfrogs
  A wyvern zombie (D:8)
  A gnoll sergeant (Orc:1)
  A scorpion (D:4)
  A hornet simulacrum (D:14)
  8 small abominations
  3 wights (D:9)
  2 electric eels
  3 howler monkeys
  A bullfrog zombie (D:6)
  12 centaur zombies
  5 jellies
  A bullfrog skeleton (D:5)
  4 hounds
  18 orc priests
  Ijyb (D:4)
  6 iguanas
  7 orc wizards
  A scorpion zombie (D:5)
  A hell rat (Lair:2)
  3 killer bee zombies
  3 howler monkey zombies
  8 gnolls
  3 adders
  6 shadow imps
  2 white imps
  2 adder skeletons (D:4)
  3 worms
  2 dart slugs
  70 orcs
  A ball python (D:4)
  14 bats
  9 endoplasms
  8 giant cockroaches
  14 goblins
  6 hobgoblins
  5 jackals (D:2)
  5 quokkas
  5 frilled lizards
  5 kobolds
  2 rats
  A butterfly (Lair:1)
  A fungus (Orc:2)
1183 creatures vanquished.

Vanquished Creatures (others)
  A shock serpent (Snake:4)
  A guardian serpent (Snake:1)
  A naga mage (Snake:4)
  A rime drake (Lair:6)
  2 bloated husks
  5 demonic plants (D:10)
  14 foxfires
  29 fungi
  69 plants
  9 withered plants
132 creatures vanquished.

Grand Total: 1315 creatures vanquished

Notes
Turn   | Place    | Note
-------+----------+-------------------------------------------
     0 | D:1      | HendSelp the Merfolk Gladiator began the quest for the Orb.
     0 | D:1      | Reached XP level 1. HP: 16/16 MP: 1/1
   127 | D:1      | Found a faded altar of an unknown god.
   129 | D:1      | Reached skill level 5 in Polearms
   134 | D:1      | Reached XP level 2. HP: 22/22 MP: 2/2
   696 | D:2      | Reached XP level 3. HP: 27/27 MP: 3/3
  1019 | D:2      | Found Idipt's General Store.
  1874 | D:3      | Reached XP level 4. HP: 22/33 MP: 4/4
  2181 | D:3      | Found a shimmering blue altar of Sif Muna.
  2561 | D:3      | Reached XP level 5. HP: 34/38 MP: 5/5
  2565 | D:3      | Found a hazy altar of Hepliaklqana.
  3236 | D:4      | Noticed Blork the orc
  3394 | D:4      | Found a staircase to the Ecumenical Temple.
  3413 | Temple   | Entered the Ecumenical Temple
  3713 | Temple   | Became a worshipper of Qazlal Stormbringer
  3934 | D:4      | Killed Blork the orc
  3935 | D:4      | Reached XP level 6. HP: 40/44 MP: 6/6
  3969 | D:4      | Identified the +7 dagger "Xaefruv" {venom, Contam MP+9
                  | Int+6}
  3991 | D:4      | Reached skill level 10 in Polearms
  4508 | D:4      | Noticed Ijyb
  4532 | D:4      | Killed Ijyb
  4533 | D:4      | Reached XP level 7. HP: 47/50 MP: 7/7
  4968 | D:5      | Entered Level 5 of the Dungeon
  4968 | D:5      | Noticed a yak
  4968 | D:5      | Noticed a yak
  4968 | D:5      | Noticed a yak
  4968 | D:5      | Noticed a yak
  5048 | D:5      | Reached * piety under Qazlal
  5312 | D:5      | Noticed a wyvern
  5333 | D:5      | Killed a wyvern
  5537 | D:5      | Reached XP level 8. HP: 56/56 MP: 8/8
  5583 | D:5      | Killed a yak
  5602 | D:5      | Killed a yak
  5621 | D:5      | Killed a yak
  5625 | D:5      | Killed a yak
  5648 | D:5      | HP: 2/56 [water moccasin (7)]
  5656 | D:5      | Reached skill level 15 in Polearms
  5965 | D:5      | Reached XP level 9. HP: 47/61 MP: 9/9
  6384 | D:5      | Found a sacrificial altar of Ru.
  6432 | D:5      | Found an opulent altar of Gozag.
  6763 | D:6      | Found a snail-covered altar of Cheibriados.
  6847 | D:6      | Reached ** piety under Qazlal
  6983 | D:6      | Found a runed translucent gate.
  6984 | D:6      | Found a runed translucent gate.
  6985 | D:6      | Found a runed translucent gate.
  6988 | D:6      | Noticed Pooter's ghost (novice HOFi)
  7039 | D:6      | Found a broken altar of Ashenzari.
  7039 | D:6      | Found a radiant altar of Vehumet.
  7434 | D:7      | Noticed a hellwing
  7435 | D:7      | Noticed a hellwing
  7542 | D:6      | Killed a hellwing
  7585 | D:6      | Killed a hellwing
  7586 | D:6      | Reached XP level 10. HP: 31/67 MP: 10/10
  8703 | D:8      | Noticed Grum
  8762 | D:8      | Killed Grum
  8763 | D:8      | Reached XP level 11. HP: 72/72 MP: 11/11
  8993 | D:8      | Identified a scroll of acquirement
  8993 | D:8      | Acquired the +7 bardiche "Uxtosaf" {drain, rF++}
  9252 | D:8      | Reached *** piety under Qazlal
  9404 | D:9      | Paralysed by a hornet for 2 turns
  9486 | D:9      | Noticed Psyche
  9494 | D:9      | Killed Psyche
  9587 | D:9      | Identified the +3 pair of gloves of the Swan {+Blink
                  | Stlth+}
  9820 | D:9      | Found a basalt altar of Yredelemnul.
 10361 | D:9      | Found a sparkling altar of Nemelex Xobeh.
 10602 | D:10     | Entered Level 10 of the Dungeon
 10764 | D:10     | Reached **** piety under Qazlal
 11025 | D:10     | Found a corrupted altar of Lugonu.
 11030 | D:10     | Noticed Josephine
 11031 | D:10     | Noticed Harold
 11036 | D:10     | Killed Josephine
 11039 | D:10     | Killed Harold
 11658 | D:11     | Noticed an orc knight
 11666 | D:11     | Reached XP level 12. HP: 78/78 MP: 12/12
 11759 | D:11     | Noticed Fannar
 11767 | D:11     | Killed Fannar
 12086 | D:11     | Found a staircase to the Lair.
 12211 | D:11     | Found a staircase to the Orcish Mines.
 12583 | D:12     | Noticed Frances
 12595 | D:12     | Killed Frances
 12661 | D:12     | Noticed Gastronok
 12676 | D:12     | Killed Gastronok
 12760 | D:12     | Noticed an eight-headed hydra
 12770 | D:12     | Killed a 14-headed hydra
 12903 | D:12     | Found a flagged portal.
 12904 | D:12     | Found the +8 demon trident "Rift" {distort, reach+}
 12913 | D:12     | Identified the amulet of Deymeys {RegenMP rN+++ Str-5 Dex+5
                  | Stlth-}
 12928 | Bailey   | Entered a bailey
 13008 | Bailey   | Reached ***** piety under Qazlal
 13236 | Bailey   | Reached XP level 13. HP: 83/83 MP: 13/13
 13762 | D:12     | Paralysed by a floating eye for 3 turns
 13982 | D:12     | Identified Sif Muna's Catalogue of Conjuration and
                  | Execration
 14363 | Lair:1   | Entered Level 1 of the Lair of Beasts
 14578 | Lair:1   | Reached skill level 1 in Armour
 15163 | Lair:2   | Reached skill level 5 in Armour
 15227 | Lair:2   | Reached XP level 14. HP: 90/90 MP: 14/14
 15417 | Lair:2   | Reached ****** piety under Qazlal
 15545 | Lair:2   | Found a staircase to the Snake Pit.
 16183 | Lair:3   | Found a staircase to the Swamp.
 16909 | Lair:3   | Reached skill level 10 in Armour
 18339 | Lair:5   | Reached skill level 10 in Dodging
 18782 | Lair:6   | Entered Level 6 of the Lair of Beasts
 18801 | Lair:6   | Reached XP level 15. HP: 91/95 MP: 15/15
 18832 | Lair:6   | Found a transporter.
 18881 | Lair:6   | Found a gate leading to a gauntlet.
 18896 | Gauntlet | Entered a Gauntlet
 18896 | Gauntlet | Found a runed translucent gate.
 18896 | Gauntlet | Found a transporter.
 18896 | Gauntlet | Found a transporter.
 18896 | Gauntlet | Found a transporter.
 18898 | Gauntlet | Found a runed translucent gate.
 18899 | Gauntlet | Found a runed translucent gate.
 18907 | Gauntlet | Found a transporter.
 18910 | Gauntlet | Found a transporter.
 18919 | Gauntlet | Found a transporter.
 18921 | Gauntlet | Found a transporter.
 18932 | Gauntlet | Found a transporter.
 18947 | Gauntlet | Found a transporter.
 18966 | Gauntlet | Found a transporter.
 18967 | Gauntlet | Found a transporter.
 18977 | Gauntlet | Found a transporter.
 19186 | Gauntlet | Reached skill level 3 in Fighting
 19233 | Gauntlet | Reached skill level 4 in Fighting
 19245 | Gauntlet | Reached skill level 5 in Fighting
 19335 | Gauntlet | Reached skill level 6 in Fighting
 20109 | Lair:6   | Reached skill level 7 in Fighting
 20153 | Lair:6   | Reached skill level 8 in Fighting
 20169 | Lair:6   | Reached skill level 9 in Fighting
 20188 | Lair:6   | Found the +3 hat of Pondering {ponderous, Will+ MP+10
                  | Int+5}
 20261 | Lair:6   | Reached skill level 10 in Fighting
 20445 | Lair:6   | Noticed shoop's ghost (journeyman BaHu)
 20446 | Lair:6   | Noticed Piucetak's ghost (journeyman DrEE)
 20476 | Lair:6   | Found a transporter.
 21073 | Lair:6   | Reached skill level 11 in Fighting
 21197 | Lair:6   | Reached skill level 12 in Fighting
 21450 | Orc:1    | Entered Level 1 of the Orcish Mines
 21451 | Orc:1    | Found Wuor's Weapon Shoppe.
 21452 | Orc:1    | Found Over's Antique Weapon Emporium.
 21670 | Orc:2    | Entered Level 2 of the Orcish Mines
 21676 | Orc:2    | Noticed an orc warlord
 21701 | Orc:1    | Killed an orc warlord
 21702 | Orc:1    | Reached skill level 13 in Fighting
 21936 | Orc:2    | Reached skill level 14 in Fighting
 21994 | Orc:2    | Found Ciniumis's General Store.
 22014 | Orc:2    | Found Ugule's Weapon Shop.
 22018 | Orc:2    | Found Zossofeiwk's Assorted Antiques.
 22027 | Orc:2    | Found Vapnamue's Antique Armour Shop.
 22045 | Orc:2    | Found Suzism's Antique Weapon Boutique.
 22070 | Orc:2    | Found Jaeneon's General Store.
 22090 | Orc:2    | Found Ugatzuc's Book Shoppe.
 22103 | Orc:2    | Found Liphok's Antique Weapon Shop.
 22121 | Orc:2    | Found a staircase to the Elven Halls.
 22147 | Orc:2    | Found Hoxo Atuki's Antique Armour Shop.
 22169 | Orc:2    | Found a runed translucent gate.
 22169 | Orc:2    | Found a runed translucent gate.
 22169 | Orc:2    | Found a runed translucent gate.
 22171 | Orc:2    | Noticed leviel's ghost (journeyman GrFi)
 22173 | Orc:2    | Noticed cobaltphoenix's ghost (journeyman MiGl)
 22362 | Orc:2    | Found a dark tunnel.
 22372 | Volcano  | Entered a volcano
 23058 | Orc:1    | Found Ibank's General Store.
 23286 | Orc:1    | Found Veumov's Weapon Shop.
 23470 | D:13     | Reached XP level 16. HP: 131/134 MP: 16/16
 23494 | D:13     | Found Tymmaap's Weapon Boutique.
 23518 | D:13     | Reached skill level 15 in Fighting
 23547 | D:13     | Noticed Erolcha
 23564 | D:13     | Killed Erolcha
 23863 | D:13     | Reached skill level 16 in Fighting
 23863 | D:13     | Reached XP level 17. HP: 144/144 MP: 17/17
 24240 | D:14     | Reached skill level 17 in Fighting
 24266 | D:14     | Identified the Volume of Spatial Transmutation
 24344 | D:14     | Found the amulet of the Four Winds {rN+ Will+++ Clar}
 24442 | D:14     | Identified the Reference Book on Ashen Heat
 24641 | D:14     | Found a gate to the Vaults.
 24888 | D:15     | Entered Level 15 of the Dungeon
 24925 | D:15     | Reached skill level 18 in Fighting
 25002 | D:15     | Noticed a sphinx
 25423 | D:15     | Killed a sphinx
 25575 | D:15     | Noticed Louise
 25581 | D:15     | Killed Louise
 26112 | D:15     | Found a staircase to the Depths.
 26547 | Swamp:1  | Entered Level 1 of the Swamp
 26562 | Swamp:1  | Reached skill level 19 in Fighting
 27468 | Swamp:1  | Identified the +1 ring mail of Yfeg {rPois rN+ rCorr Dex-3}
 27517 | Swamp:1  | Reached XP level 18. HP: 143/160 MP: 18/18
 28373 | Swamp:2  | Reached skill level 20 in Fighting
 28540 | Swamp:3  | Noticed Bai Suzhen
 28570 | Swamp:2  | Killed Bai Suzhen
 29857 | Swamp:4  | Entered Level 4 of the Swamp
 29864 | Swamp:4  | Reached skill level 21 in Fighting
 31045 | Swamp:4  | Reached skill level 22 in Fighting
 31141 | Swamp:4  | Reached XP level 19. HP: 157/174 MP: 19/19
 31385 | Swamp:4  | Got a decaying rune of Zot
 31637 | Swamp:4  | Paralysed by a hornet for 1 turns
 32688 | Lair:6   | Found a staircase to the Slime Pits.
 32890 | Slime:1  | Entered Level 1 of the Pits of Slime
 32954 | Slime:1  | Gained mutation: You tend to lose your temper in combat. [a
                  | shining eye]
 32957 | Slime:1  | Gained mutation: You are occasionally teleported next to
                  | monsters. [a shining eye]
 33101 | Lair:6   | Lost mutation: You tend to lose your temper in combat.
                  | [potion of mutation]
 33101 | Lair:6   | Gained mutation: You are covered in fur. (AC +1) [potion of
                  | mutation]
 33101 | Lair:6   | Gained mutation: You passively map a small area around you.
                  | [potion of mutation]
 33102 | Lair:6   | Lost mutation: You passively map a small area around you.
                  | [potion of mutation]
 33102 | Lair:6   | Lost mutation: You are covered in fur. (AC +1) [potion of
                  | mutation]
 33102 | Lair:6   | Gained mutation: You are agile. (Dex +2) [potion of
                  | mutation]
 33102 | Lair:6   | Gained mutation: You are strong-willed. (Will+) [potion of
                  | mutation]
 33103 | Lair:6   | Lost mutation: You are occasionally teleported next to
                  | monsters. [potion of mutation]
 33103 | Lair:6   | Lost mutation: You are strong-willed. (Will+) [potion of
                  | mutation]
 33103 | Lair:6   | Lost mutation: You are agile. (Dex +2) [potion of mutation]
 33103 | Lair:6   | Gained mutation: You are robust. (+10% HP) [potion of
                  | mutation]
 33103 | Lair:6   | Gained mutation: You sometimes lose the ability to read
                  | scrolls when taking damage. [potion of mutation]
 33103 | Lair:6   | Gained mutation: You passively map a small area around you.
                  | [potion of mutation]
 33466 | Snake:1  | Entered Level 1 of the Snake Pit
 33753 | D:2      | Bought a ring of poison resistance for 280 gold pieces
 34039 | Snake:1  | Reached skill level 23 in Fighting
 35001 | Snake:1  | Found a hazy altar of Hepliaklqana.
 35827 | Snake:1  | Noticed Agnes
 35836 | Snake:1  | Killed Agnes
 36585 | Snake:2  | Noticed Nikola
 36604 | Snake:2  | Killed Nikola
 36605 | Snake:2  | Reached skill level 24 in Fighting
 37834 | Snake:3  | Noticed Donald
 37858 | Snake:3  | Killed Donald
 37872 | Snake:3  | Reached XP level 20. HP: 67/207 MP: 20/20
 38370 | Snake:3  | Noticed Aizul
 38380 | Snake:3  | Killed Aizul
 39283 | Snake:3  | Identified the +1 robe of the Louse {MP+9}
 39455 | Snake:4  | Entered Level 4 of the Snake Pit
 39757 | Snake:4  | Reached skill level 25 in Fighting
 41153 | Snake:4  | Noticed Vashnia
 41359 | Snake:3  | Killed Vashnia
 41751 | Snake:4  | Reached skill level 26 in Fighting
 42607 | Snake:4  | Got a serpentine rune of Zot
 43295 | Vaults:1 | Entered Level 1 of the Vaults
 43355 | Vaults:1 | Reached XP level 21. HP: 222/222 MP: 21/21
 44058 | Vaults:1 | Reached skill level 27 in Fighting
 44393 | Vaults:1 | HP: 13/336 [vault guard/+2 battleaxe (19)]
 44398 | Vaults:1 | HP: 2/336 [ironbound beastmaster/+0 whip (10)]
 44400 | Vaults:1 | Slain by a vault guard

Illustrated notes

Levels and vault maps discovered:
D:1:      evilmike_arrival_fibonacci_small, layout_basic,
          ebering_ecumenical_altar_rust
D:2:      layout_basic, serial_shops, shop, minmay_tetromino_s2
D:3:      layout_rooms, lemuel_blue_sif_altar, lemuel_coloured_pillars_altar
D:4:      kennysheep_the_goblin_king, layout_basic,
          minmay_temple_entry_overgrown, uniq_blork_the_orc
D:5:      layout_loops_ring, lemuel_tele_altar, general_overflow_altar,
          minmay_manual_mail
D:6:      layout_rooms, old_standard_altar, gammafunk_temple_overflow_wave,
          gammafunk_ghost_nasty_kobolds
D:7:      cheibrodos_grave_circle, layout_basic
D:8:      layout_basic, kb_lookout_dungeons_type, uniq_grum
D:9:      layout_layer_cave, nicolae_yredelemnul_corpse_copse,
          nemelex_diamond_rough_becter, uniq_psyche
D:10:     kennysheep_kobold_lugonu_temple, layout_basic, uniq_harold,
          uniq_josephine
D:11:     minmay_blocky_corners, layout_grid_maze, david_lair_shrubbed,
          david_orc_5, uniq_fannar
D:12:     cheibrodos_hippocracy, layout_stronghold, enter_bailey_2, minmay_puff,
          uniq_gastronok, uniq_frances
D:13:     layout_rooms, serial_shops, shop, uniq_erolcha
D:14:     evilmike_diamond_1, layout_loops_ring, grunt_vaults_entry_tiered,
          solitary_fountain
D:15:     grunt_enter_depths_hoard, layout_irregular_city, bh_walls_and_bars,
          minmay_three_doors, uniq_louise
Temple:   oiseaux_autumnal_temple
Lair:1:   layout_roguey, grunt_megastairs_2, lemuel_fruit_fields,
          infiniplex_staircase_pool, lemuel_fruit_tree
Lair:2:   layout_hall_layers, minmay_snake_entry_six_corridors, roderic_batcave,
          st_stairs_10, beast_lair_carwin_9, serial_bayou_shore_b
Lair:3:   layout_regular_city, skrybe_swamp_entry_bodies,
          chequers_serial_rivers_micro_d
Lair:4:   layout_regular_city, hangedman_lair_generics_rect
Lair:5:   layout_cave_pods, nicolae_lair_yak_garden
Lair:6:   due_jungle_book, layout_gridlike, minmay_slime_entry_oklob_enclosed,
          nzn_ghost_randoct, gauntlet_entry_generic, bobbens_dragon_lair_wall
Swamp:1:  layout_falls_marsh, evilmike_swamp_ruin_house_5, swamp_pool4
Swamp:2:  layout_basic_swamp, evilmike_swamp_ruin_house_2
Swamp:3:  layout_falls_marsh, evilmike_swamp_ruin_house_1, swamp_pool4,
          hangedman_swamp_dais, uniq_bai_suzhen
Swamp:4:  swamp_vile, layout_basic_swamp, swamp_pool4
Snake:1:  layout_layer_cave, basic_altar, hangedman_snake_sidewinding,
          uniq_agnes
Snake:2:  layout_chambers, grunt_ministairs_15, grunt_megastairs_4, uniq_nikola
Snake:3:  layout_layer_cave, grunt_ministairs_10, nicolae_snake_linked_coils,
          nicolae_coiled_stairwell_down, uniq_aizul, uniq_donald
Snake:4:  johnstein_snake_rune_scales, layout_basic, serial_bayou_shore_a
Slime:1:  layout_caves
Orc:1:    layout_caves, serial_shops, shop, nicolae_shop_crystal,
          nicolae_shop_stone, shop
Orc:2:    grunt_orc_gardens, layout_diamond_mine, grunt_orc_garden,
          grunt_orc_garden, grunt_orc_garden, grunt_orc_garden,
          nicolae_volcano_entry_s_turn, serial_shops, shop, shop,
          shop_fountains, nicolae_shop_temple_entry_statues_fountains,
          nicolae_shop_statue_plus, gammafunk_ghost_cemetery, mines1_david
Vaults:1: v_pattern_5, nicolae_vaults_border_crossing, hangedman_vaults_stagger,
          vaults_standard_mumra_lines, vaults_room_door_ring, v_misc_32,
          vaults_room_grunt_arrival_checkpoint, vaults_dpeg_hooks,
          layout_vaults_omnigrid

Skill      XL: |  1  2  3  4  5  6  7  8  9 10 11 12 13 14 15 16 17 18 19 20 21 |
---------------+----------------------------------------------------------------+-----
Polearms       | 5 6 7 8 9 10 12 15 18 20 22 25 26 | 26.8
Dodging        | 7 8 11 12 | 12.1
Armour         | 6 10 11 | 11.1
Fighting       | 14 16 19 22 24 26 27 | 27.0
Throwing       | |  2.0

Action                   |  1- 3 |  4- 6 |  7- 9 | 10-12 | 13-15 | 16-18 | 19-21 || total
-------------------------+-------+-------+-------+-------+-------+-------+-------++-------
Melee: Trident           |   129 |   179 |   434 |   101 |       |       |       ||   843
       Halberd           |       |       |       |    83 |       |       |       ||    83
       Bardiche          |       |       |       |   325 |   970 |   744 |  1012 ||  3051
       Tailslap          |       |       |       |       |     6 |    28 |    14 ||    48
Throw: Throwing net      |       |     3 |     8 |     1 |     5 |     1 |     1 ||    19
       Dart              |       |       |     3 |       |       |       |       ||     3
Invok: Disaster Area     |       |       |       |       |     1 |       |     1 ||     2
 Abil: Evoke Blink       |       |       |       |       |       |       |     1 ||     1
Evoke: Wand              |       |       |       |       |       |       |     1 ||     1
  Use: Scroll            |     1 |     3 |     8 |     7 |    11 |     6 |     3 ||    39
       Potion            |       |       |     3 |       |     1 |     3 |     6 ||    13
 Stab: Sleeping          |     2 |     1 |     1 |       |       |       |       ||     4
       Distracted        |       |     1 |       |       |       |       |       ||     1
       Held in net/web   |       |     1 |     6 |     2 |     1 |     1 |       ||    11
       Petrifying        |       |       |       |       |     2 |       |       ||     2
       Confused          |       |       |       |       |       |     1 |       ||     1
Armor: Leather armour    |    28 |    39 |    51 |       |       |       |       ||   118
       Scale mail        |       |       |    77 |    52 |       |       |       ||   129
       Ring mail         |       |       |    25 |       |       |       |       ||    25
       Acid dragon scale |       |       |       |    92 |   131 |       |    10 ||   233
       Plate armour      |       |       |       |       |   146 |   498 |   303 ||   947
Dodge: Dodged            |    62 |    71 |   211 |   266 |   414 |   380 |   323 ||  1727
       Repelled          |       |       |       |     5 |     8 |    13 |    46 ||    72
Block: Other             |       |       |    23 |    69 |   247 |   266 |   228 ||   833

Table legend: (Time is in decaauts)
 A = Elapsed time spent in this place.
 B = Non-inter-level travel time spent in this place.
 C = Inter-level travel time spent in this place.
 D = Time resting spent in this place.
 E = Time spent auto-exploring this place.
 F = Levels seen in this place.
 G = Mean time per level.
                   A        B        C        D        E       F      G
               +--------+--------+--------+--------+--------+-----+--------+
         Total |  42949 |  38813 |   4136 |   5542 |  26310 |  37 | 1160.8 |
       Dungeon |  18224 |  15761 |   2463 |   1194 |  11680 |  15 | 1214.9 |
        Temple |    295 |    231 |     64 |      0 |    229 |   1 |  295.0 |
          Lair |   7355 |   6221 |   1134 |    651 |   4520 |   6 | 1225.8 |
         Swamp |   4597 |   4483 |    114 |   1324 |   2499 |   4 | 1149.2 |
     Snake Pit |   8893 |   8641 |    252 |   1930 |   5753 |   4 | 2223.2 |
    Slime Pits |     20 |     20 |      0 |      0 |      0 |   1 |   20.0 |
  Orcish Mines |   1489 |   1382 |    107 |    158 |    694 |   2 |  744.5 |
        Vaults |   1049 |   1049 |      0 |    285 |    534 |   1 | 1049.0 |
        Bailey |    300 |    300 |      0 |      0 |     84 |   1 |  300.0 |
       Volcano |    289 |    289 |      0 |      0 |    179 |   1 |  289.0 |
      Gauntlet |    435 |    435 |      0 |      0 |    136 |   1 |  435.0 |
               +--------+--------+--------+--------+--------+-----+--------+

Top non-repeatable levels by time:
 Snake:3: 2936 daAuts
 Snake:1: 2312 daAuts
  Lair:6: 2096 daAuts
 Swamp:3: 1941 daAuts
 Snake:4: 1871 daAuts
 Snake:2: 1773 daAuts
    D:11: 1752 daAuts
     D:5: 1683 daAuts
    D:12: 1656 daAuts
     D:4: 1453 daAuts
     D:2: 1386 daAuts
     D:9: 1386 daAuts
    D:14: 1341 daAuts
  Lair:3: 1305 daAuts
    D:10: 1278 daAuts
